AAA
NASHVILLE SOUNDS @ COLORADO SPRINGS SKY SOX
05/31/2024
 
TOP OF THE 1ST
Nashville Sounds batting - Pitching for Colorado Springs Sky Sox : LHP Taylor Hearn
Pitching: LHP Taylor Hearn
Batting: RHB Connor Norby 0-0: Fly out, F3 (Popup, 3SF, EV 78.1 MPH)
Batting: RHB Luis Matos 0-0: Ball
1-0: Called Strike
1-1: Foul Ball, location: 2F
1-2: Ball
2-2: Foul Ball, location: 5DF
2-2: Foul Ball, location: 2F
2-2: Fly out, F7 (Line Drive, 78M, EV 88.8 MPH)
Batting: SHB Elly De La Cruz 0-0: Called Strike
0-1: Ball
1-1: Ball
2-1: Ground out 6-3 (Groundball, 6, EV 108.1 MPH)
Top of the 1st over - 0 runs, 0 hits, 0 errors, 0 left on base; Nashville 0 - Colorado Springs 0
BOTTOM OF THE 1ST
Colorado Springs Sky Sox batting - Pitching for Nashville Sounds : LHP Kyle Harrison
Pitching: LHP Kyle Harrison
Batting: RHB Dairon Blanco 0-0: Bunted foul
0-1: Hit by Pitch
Batting: RHB Alex De Goti 0-0: Ball
1-0: Foul Ball, location: 2F
1-1: Ball
2-1: Foul Ball, location: 9LMF
2-2: Grounds into double play, 6-4-3 (Groundball, 6, EV 86.9 MPH)
Batting: LHB Odubel Herrera 0-0: Called Strike
0-1: Swinging Strike
0-2: Strikes out swinging
Bottom of the 1st over - 0 runs, 0 hits, 0 errors, 0 left on base; Nashville 0 - Colorado Springs 0
TOP OF THE 2ND
Nashville Sounds batting - Pitching for Colorado Springs Sky Sox : LHP Taylor Hearn
Batting: LHB Kerry Carpenter 0-0: Ball
1-0: Called Strike
1-1: Foul Ball, location: 7LSF
1-2: Foul Ball, location: 2F
1-2: Ball
2-2: Strikes out swinging
Batting: LHB Dustin Harris 0-0: Called Strike
0-1: Ball
1-1: Ground out 4-3 (Groundball, 13, EV 90.0 MPH)
Batting: RHB Jose Miranda 0-0: Ball
1-0: Ball
2-0: Called Strike
2-1: Fly out, F9 (Flyball, 89M, EV 86.3 MPH)
Top of the 2nd over - 0 runs, 0 hits, 0 errors, 0 left on base; Nashville 0 - Colorado Springs 0
BOTTOM OF THE 2ND
Colorado Springs Sky Sox batting - Pitching for Nashville Sounds : LHP Kyle Harrison
Batting: RHB Austin Nola 0-0: Ball
1-0: Ball
2-0: Fly out, F9 (Flyball, 89S, EV 91.3 MPH)
Batting: LHB Esteban Quiroz 0-0: Called Strike
0-1: Foul Ball, location: 2F
0-2: SINGLE (Groundball, 34S, EV 65.6 MPH) (infield hit)
Batting: LHB David Dahl 0-0: Fielders Choice at 2nd, 4-6 (Groundball, 4M, EV 79.4 MPH)
Batting: LHB Austin Allen 0-0: Called Strike
0-1: Swinging Strike
0-2: Strikes out looking
Bottom of the 2nd over - 0 runs, 1 hit, 0 errors, 1 left on base; Nashville 0 - Colorado Springs 0
TOP OF THE 3RD
Nashville Sounds batting - Pitching for Colorado Springs Sky Sox : LHP Taylor Hearn
Batting: LHB Kyle Stowers 0-0: Ground out 6-3 (Groundball, 6, EV 82.5 MPH)
Batting: RHB Jake Marisnick 0-0: Ground out 6-3 (Groundball, 6, EV 100.0 MPH)
Batting: RHB Brian Navarreto 0-0: Ball
1-0: Called Strike
1-1: Ball
2-1: Ball
3-1: Fly out, F7 (Line Drive, 78M, EV 103.8 MPH)
Top of the 3rd over - 0 runs, 0 hits, 0 errors, 0 left on base; Nashville 0 - Colorado Springs 0
BOTTOM OF THE 3RD
Colorado Springs Sky Sox batting - Pitching for Nashville Sounds : LHP Kyle Harrison
Batting: RHB Julio Rodriguez 0-0: Ball
1-0: Foul Ball, location: 9LDF
1-1: Ball
2-1: Foul Ball, location: 3DF
2-2: Fly out, F9 (Flyball, 9, EV 75.0 MPH)
Batting: SHB Riley Unroe 0-0: DOUBLE (Line Drive, 78D, EV 103.8 MPH)
Batting: RHB Dairon Blanco 0-0: Ball
1-0: Called Strike
1-1: Foul Ball, location: 2F
1-2: Fly out, F8 (Flyball, 78D, EV 96.9 MPH)
Batting: RHB Alex De Goti 0-0: Ball
1-0: Ball
2-0: Foul Ball, location: 2F
2-1: Swinging Strike
2-2: Strikes out swinging
Bottom of the 3rd over - 0 runs, 1 hit, 0 errors, 1 left on base; Nashville 0 - Colorado Springs 0
TOP OF THE 4TH
Nashville Sounds batting - Pitching for Colorado Springs Sky Sox : LHP Taylor Hearn
Batting: RHB Connor Norby 0-0: Called Strike
0-1: Foul Ball, location: 2F
0-2: Ball
1-2: Ball
2-2: Ball
3-2: DOUBLE (Line Drive, 89M, EV 94.4 MPH)
Batting: RHB Luis Matos 0-0: Ball
1-0: Sac Bunt to 3S - play at first, batter OUT! 3-1
Connor Norby to third
Batting: SHB Elly De La Cruz 0-0: Ball
1-0: Fly out, F7 (Flyball, 78S, EV 84.4 MPH)
Batting: LHB Kerry Carpenter 0-0: Called Strike
0-1: Ball
1-1: Ball
2-1: Fly out, F9 (Flyball, 9LS, EV 90.0 MPH)
Top of the 4th over - 0 runs, 1 hit, 0 errors, 1 left on base; Nashville 0 - Colorado Springs 0
BOTTOM OF THE 4TH
Colorado Springs Sky Sox batting - Pitching for Nashville Sounds : LHP Kyle Harrison
Batting: LHB Odubel Herrera 0-0: Foul Ball, location: 2F
0-1: Foul Ball, location: 7LMF
0-2: Ball
1-2: Fly out, F8 (Line Drive, 8RM, EV 98.8 MPH)
Batting: RHB Austin Nola 0-0: Called Strike
0-1: Swinging Strike
0-2: SINGLE (Line Drive, 4M, EV 96.3 MPH)
Batting: LHB Esteban Quiroz 0-0: Ball
1-0: Foul Ball, location: 3DF
1-1: Foul Ball, location: 2F
1-2: Fly out, F3 (Popup, 34S, EV 68.8 MPH)
Batting: LHB David Dahl 0-0: Called Strike
0-1: Fly out, F7 (Flyball, 7S, EV 86.3 MPH)
Bottom of the 4th over - 0 runs, 1 hit, 0 errors, 1 left on base; Nashville 0 - Colorado Springs 0
TOP OF THE 5TH
Nashville Sounds batting - Pitching for Colorado Springs Sky Sox : LHP Taylor Hearn
Batting: LHB Dustin Harris 0-0: Ball
1-0: Swinging Strike
1-1: Ball
2-1: Foul Ball, location: 2F
2-2: Ball
3-2: Foul Ball, location: 3F
3-2: Base on Balls
Batting: RHB Jose Miranda 0-0: Ball
1-0: Ball
2-0: Called Strike
2-1: Foul Ball, location: 3FF
2-2: DOUBLE (Flyball, 89XD, EV 111.9 MPH)
Dustin Harris to third
Batting: LHB Kyle Stowers 0-0: Called Strike
0-1: Ball
1-1: Swinging Strike
1-2: Strikes out swinging
Batting: RHB Jake Marisnick 0-0: Ball
1-0: Foul Ball, location: 3SF
1-1: Ball
2-1: Called Strike
2-2: Foul Ball, location: 7LSF
2-2: Foul Ball, location: 3SF
2-2: Ball
3-2: 3-RUN HOME RUN (Flyball, 78XD, EV 107.5 MPH), Distance : 397 ft
Batting: RHB Brian Navarreto 0-0: Foul Ball, location: 9LMF
0-1: Ball
1-1: Ball
2-1: Ground out 5-3 (Groundball, 56S, EV 70.0 MPH)
Batting: RHB Connor Norby 0-0: Called Strike
0-1: Ball
1-1: Foul Ball, location: 2F
1-2: Foul Ball, location: 25FF
1-2: Foul Ball, location: 9LMFF
1-2: Foul Ball, location: 5FF
1-2: Foul Ball, location: 2F
1-2: Strikes out swinging
Top of the 5th over - 3 runs, 2 hits, 0 errors, 0 left on base; Nashville 3 - Colorado Springs 0
BOTTOM OF THE 5TH
Colorado Springs Sky Sox batting - Pitching for Nashville Sounds : LHP Kyle Harrison
Batting: LHB Austin Allen 0-0: Ball
1-0: Ground out 6-3 (Groundball, 4M, EV 84.4 MPH)
Batting: RHB Julio Rodriguez 0-0: Foul Ball, location: 9LSF
0-1: Ball
1-1: Ball
2-1: SINGLE (Groundball, 56D, EV 102.5 MPH)
Batting: SHB Riley Unroe 0-0: Fielders Choice at 2nd, 4-6 (Groundball, 4, EV 88.1 MPH)
Batting: RHB Dairon Blanco 0-0: Called Strike
0-1: Swinging Strike
0-2: Foul Ball, location: 2F
0-2: Ball
1-2: Ball
2-2: Foul Ball, location: 23FF
2-2: Foul Ball, location: 7LSF
2-2: Foul Ball, location: 23FF
2-2: Ball
3-2: Base on Balls
Riley Unroe to second
Batting: RHB Alex De Goti 0-0: Ground out 4-3 (Groundball, 4, EV 85.0 MPH)
Bottom of the 5th over - 0 runs, 1 hit, 0 errors, 2 left on base; Nashville 3 - Colorado Springs 0
TOP OF THE 6TH
Nashville Sounds batting - Pitching for Colorado Springs Sky Sox : LHP Taylor Hearn
Batting: RHB Luis Matos 0-0: Ball
1-0: Called Strike
1-1: Ball
2-1: Foul Ball, location: 2F
2-2: Foul Ball, location: 2LF
2-2: Ball
3-2: Strikes out swinging
Pitching: LHP Grant Dayton
Batting: SHB Elly De La Cruz 0-0: Foul Ball, location: 25FF
0-1: Ball
1-1: Foul Ball, location: 7LDF
1-2: Fly out, F7 (Line Drive, 78M, EV 96.3 MPH)
Batting: LHB Kerry Carpenter 0-0: Called Strike
0-1: Swinging Strike
0-2: Ball
1-2: Foul Ball, location: 7LMF
1-2: Strikes out looking
Top of the 6th over - 0 runs, 0 hits, 0 errors, 0 left on base; Nashville 3 - Colorado Springs 0
BOTTOM OF THE 6TH
Colorado Springs Sky Sox batting - Pitching for Nashville Sounds : LHP Kyle Harrison
Batting: LHB Odubel Herrera 0-0: Called Strike
0-1: Called Strike
0-2: Strikes out swinging
Batting: RHB Austin Nola 0-0: Ball
1-0: SINGLE (Groundball, 3D, EV 105.6 MPH)
Batting: LHB Esteban Quiroz 0-0: Ball
1-0: Swinging Strike
1-1: SINGLE (Groundball, 34D, EV 106.3 MPH)
Austin Nola to second
Runner from 2nd tries for 3rd, SAFE, throw by RF made to third
Batting: LHB David Dahl 0-0: Ball
1-0: Ball
2-0: Foul Ball, location: 2F
2-1: Swinging Strike
2-2: Ball
3-2: Foul Ball, location: 3FF
3-2: Base on Balls
Esteban Quiroz to second
Batting: LHB Austin Allen 0-0: Ball
1-0: Ball
2-0: Fly out, F7 (Flyball, 78S, EV 74.4 MPH)
Batting: RHB Julio Rodriguez 0-0: Called Strike
0-1: Ball
1-1: Ball
2-1: Fly out, F8 (Flyball, 8RXD, EV 90.0 MPH)
Bottom of the 6th over - 0 runs, 2 hits, 0 errors, 3 left on base; Nashville 3 - Colorado Springs 0
TOP OF THE 7TH
Nashville Sounds batting - Pitching for Colorado Springs Sky Sox : LHP Grant Dayton
Batting: LHB Dustin Harris 0-0: Called Strike
0-1: Ball
1-1: Foul Ball, location: 2F
1-2: Strikes out looking
Batting: RHB Jose Miranda 0-0: Ball
1-0: Swinging Strike
1-1: Foul Ball, location: 9LDF
1-2: Ball
2-2: Foul Ball, location: 3SF
2-2: Strikes out looking
Batting: LHB Kyle Stowers 0-0: Ball
1-0: Ball
2-0: Ball
3-0: Called Strike
3-1: Foul Ball, location: 7LMF
3-2: Foul Ball, location: 7LDF
3-2: Foul Ball, location: 2F
3-2: Foul Ball, location: 2F
3-2: Ground out 4-3 (Groundball, 4M, EV 101.9 MPH)
Top of the 7th over - 0 runs, 0 hits, 0 errors, 0 left on base; Nashville 3 - Colorado Springs 0
BOTTOM OF THE 7TH
Colorado Springs Sky Sox batting - Pitching for Nashville Sounds : LHP Kyle Harrison
Batting: SHB Riley Unroe 0-0: DOUBLE (Line Drive, 7LM, EV 94.4 MPH)
Batting: RHB Dairon Blanco 0-0: Called Strike
0-1: Swinging Strike
0-2: Ball
1-2: Foul Ball, location: 3F
1-2: Foul Ball, location: 3F
1-2: Ball
2-2: Ground out 5-3 (Groundball, 56, EV 88.1 MPH)
Batting: RHB Alex De Goti 0-0: Ball
1-0: Foul Ball, location: 3F
1-1: Ball
2-1: Called Strike
2-2: Strikes out swinging
Batting: LHB Odubel Herrera 0-0: Called Strike
0-1: Ball
1-1: Ground out 4-3 (Groundball, 4D, EV 106.3 MPH)
Bottom of the 7th over - 0 runs, 1 hit, 0 errors, 1 left on base; Nashville 3 - Colorado Springs 0
TOP OF THE 8TH
Nashville Sounds batting - Pitching for Colorado Springs Sky Sox : LHP Grant Dayton
Batting: RHB Jake Marisnick 0-0: Ball
1-0: Ground out 4-3 (Groundball, 4, EV 88.8 MPH)
Batting: RHB Brian Navarreto 0-0: Foul Ball, location: 9LMF
0-1: Called Strike
0-2: Fly out, F8 (Flyball, 8RD, EV 104.4 MPH)
Batting: RHB Connor Norby 0-0: Ball
1-0: Ball
2-0: Called Strike
2-1: Foul Ball, location: 9LDF
2-2: Foul Ball, location: 2F
2-2: Ball
3-2: Strikes out looking
Top of the 8th over - 0 runs, 0 hits, 0 errors, 0 left on base; Nashville 3 - Colorado Springs 0
BOTTOM OF THE 8TH
Colorado Springs Sky Sox batting - Pitching for Nashville Sounds : LHP Kyle Harrison
Batting: RHB Austin Nola 0-0: Called Strike
0-1: Called Strike
0-2: SINGLE (Line Drive, 8RS, EV 86.9 MPH)
Batting: LHB Esteban Quiroz 0-0: Ball
1-0: Ball
2-0: Ball
3-0: Called Strike
3-1: Base on Balls
Austin Nola to second
Pitching: RHP Michael Feliz
Batting: LHB David Dahl 0-0: Foul Ball, location: 7LMF
0-1: Swinging Strike
0-2: Strikes out swinging
Batting: LHB Austin Allen 0-0: Ball
1-0: Foul Ball, location: 3FF
1-1: Ball
2-1: SINGLE (Line Drive, 3D, EV 95.6 MPH)
Austin Nola to third
Esteban Quiroz to second
Batting: RHB Julio Rodriguez 0-0: Ball
1-0: Called Strike
1-1: Ball
2-1: Foul Ball, location: 9LMF
2-2: Foul Ball, location: 2F
2-2: Strikes out swinging
Batting: SHB Riley Unroe 0-0: Foul Ball, location: 2F
0-1: Ball
1-1: Foul Ball, location: 5DF
1-2: Ball
2-2: Foul Ball, location: 2F
2-2: Strikes out looking
Bottom of the 8th over - 0 runs, 2 hits, 0 errors, 3 left on base; Nashville 3 - Colorado Springs 0
TOP OF THE 9TH
Nashville Sounds batting - Pitching for Colorado Springs Sky Sox : LHP Grant Dayton
Batting: RHB Luis Matos 0-0: Called Strike
0-1: Swinging Strike
0-2: DOUBLE (Line Drive, 9LS, EV 104.4 MPH)
Batting: SHB Elly De La Cruz 0-0: Called Strike
0-1: Called Strike
0-2: Ball
1-2: Ball
2-2: Ball
3-2: Base on Balls
Pitching: RHP Chase De Jong
Batting: LHB Kerry Carpenter 0-0: Called Strike
0-1: Ball
1-1: Fly out, F7 (Line Drive, 7S, EV 91.9 MPH)
Batting: LHB Dustin Harris 0-0: Ball
1-0: Called Strike
1-1: Foul Ball, location: 7LSFF
1-2: Foul Ball, location: 5SF
1-2: Grounds into double play, 6-4-3 (Groundball, 6, EV 106.9 MPH)
Top of the 9th over - 0 runs, 1 hit, 0 errors, 1 left on base; Nashville 3 - Colorado Springs 0
BOTTOM OF THE 9TH
Colorado Springs Sky Sox batting - Pitching for Nashville Sounds : RHP Michael Feliz
Batting: RHB Dairon Blanco 0-0: Ball
1-0: DOUBLE (Line Drive, 3D, EV 102.5 MPH)
Batting: RHB Alex De Goti 0-0: Foul Ball, location: 3SF
0-1: Foul Ball, location: 2F
0-2: Foul Ball, location: 9LSFF
0-2: Ground out 6-3 (Groundball, 6, EV 88.1 MPH)
Dairon Blanco to third
Batting: LHB Odubel Herrera 0-0: Ball
1-0: Ball
2-0: Ball
3-0: Called Strike
3-1: Called Strike
3-2: Base on Balls
Batting: RHB Austin Nola 0-0: Ball
1-0: Ball
2-0: Ball
3-0: Called Strike
3-1: Fly out, F3 (Popup, 3L, EV 75.6 MPH)
Batting: LHB Esteban Quiroz 0-0: Ball
1-0: Foul Ball, location: 2F
1-1: Ball
2-1: Ball
3-1: Swinging Strike
3-2: Foul Ball, location: 2F
3-2: TRIPLE (Flyball, 8RXD, EV 101.3 MPH)
Dairon Blanco scores
Odubel Herrera scores
Pitching: RHP Taylor Dollard
Batting: LHB David Dahl 0-0: Ball
1-0: Called Strike
1-1: Ground out 6-3 (Groundball, 6S, EV 91.9 MPH)
Bottom of the 9th over - 2 runs, 2 hits, 0 errors, 1 left on base; Nashville 3 - Colorado Springs 2
Monday, April 15th , 2024 - OOTP Baseball 24.11 Build 85